 Dungeon Crawl Stone Soup version 0.20-a0-823-gdec668e (webtiles) character file.

5082 Gorglomux the Spear-Bearer (level 10, -5/86 HPs)
             Began as a Merfolk Gladiator on Mar 5, 2017.
             Was a Follower of Uskayaw.
             Slain by a killer bee (8 damage)
             ... on level 7 of the Dungeon.
             The game lasted 00:25:07 (8644 turns).

Gorglomux the Spear-Bearer (Merfolk Gladiator)      Turns: 8644, Time: 00:25:07

Health: -5/86      AC:  6    Str: 16    XL:     10   Next: 57%
Magic:  8/10       EV: 14    Int:  9    God:    Uskayaw [*.....]
Gold:   474        SH:  0    Dex: 20    Spells: 9/9 levels left

rFire    . . .     SeeInvis .   a - +0 halberd
rCold    + . .     Gourm    +   x - +0 leather armour
rNeg     . . .     Faith    .   (shield currently unavailable)
rPois    +         Spirit   .   c - +0 helmet
rElec    .         Reflect  .   C - +0 cloak
rCorr    .         Harm     .   (no gloves)
MR       +....                  J - +0 pair of boots
Stlth    ++........             i - amulet of the gourmand {Gourm, !d}
Regen    0.3/turn               N - ring of protection from cold {rC+, !d}
MPRegen  0.2/turn               G - ring of poison resistance {rPois, !d}

@: lethally poisoned (-5 -> -6)
A: change form in water, swift swim, stealthy swim, clever 1, magic resistance
1, strong 1, subdued magic 1
a: Stomp, Renounce Religion


You were on level 7 of the Dungeon.
You worshipped Uskayaw.
Uskayaw was noncommittal.
You were very full.

You visited 1 branch of the dungeon, and saw 7 of its levels.
You also visited: Sewer.

You collected 474 gold pieces.

Inventory:

Hand Weapons
 a - a +0 halberd (weapon)
   (You took it off a gnoll on level 6 of the Dungeon)
 b - the +9 hunting sling "Nourisse" {venom, rF+}
   (You found it on level 4 of the Dungeon)

   It poisons the ammo it fires.
   It protects you from fire.
 L - a +0 trident
Missiles
 d - 22 throwing nets {=f, !d}
 m - 8 curare-tipped needles
 w - 5 javelins (quivered)
 y - 82 sling bullets
 A - 233 stones
Armour
 c - a +0 helmet (worn)
 x - a +0 leather armour (worn)
 C - a +0 cloak (worn)
   (You took it off Crazy Yiuf on level 4 of the Dungeon)
 J - a +0 pair of boots (worn)
   (You found it on level 6 of the Dungeon)
Jewellery
 i - an amulet of the gourmand (around neck) {Gourm, !d}
   (You found it on level 3 of the Dungeon)
 G - a ring of poison resistance (left hand) {rPois, !d}
   (You found it on level 5 of the Dungeon)
 N - a ring of protection from cold (right hand) {rC+, !d}
   (You found it on level 6 of the Dungeon)
Wands
 K - a wand of paralysis (7/24)
   (You found it on level 6 of the Dungeon)
 O - a wand of scattershot (2/9)
   (You found it on level 6 of the Dungeon)
Scrolls
 g - a scroll of enchant weapon
 j - a scroll of remove curse {unknown}
 n - 4 scrolls of amnesia {unknown}
 o - 2 scrolls of teleportation
 r - 2 scrolls of magic mapping {!r}
 u - a scroll of fog
 z - 2 scrolls of immolation {unknown}
 B - a scroll of acquirement {unknown}
 E - 4 scrolls of identify
 F - a scroll of random uselessness {unknown}
 P - a scroll of blinking {unknown}
 Q - a scroll of enchant armour {unknown}
Potions
 e - 2 potions of curing
 l - 4 potions of degeneration {!q}
 s - 4 potions of might
 t - 3 potions of flight
 v - a potion of agility
 H - a potion of brilliance
 I - a potion of haste
 M - a potion of heal wounds {unknown}
Comestibles
 f - 4 bread rations {@e1@e1}
 h - 3 fruits
 k - 6 meat rations {@e2@e2}
 p - 2 royal jellies


   Skills:
 + Level 10.5 Fighting
 + Level 13.3 Polearms
 + Level 4.9(5.6) Slings
 - Level 5.1(6.4) Throwing
 - Level 4.0 Dodging


You had 9 spell levels left.
You didn't know any spells.

Dungeon Overview and Level Annotations

Branches:
Dungeon (7/15)             Temple (0/1) D:4

Altars:
Ashenzari
Gozag
Hepliaklqana
Makhleb
Nemelex Xobeh
Okawaru
Sif Muna
Trog
Uskayaw
Vehumet
Xom
Yredelemnul
The Shining One

Shops:
D:4 [


Innate Abilities, Weirdness & Mutations

You revert to your normal form in water.
You are very nimble and swift while swimming.
You are very stealthy in the water. (Stealth+)
Your mind is acute. (Int +2)
You are resistant to hostile enchantments. (MR+)
Your muscles are strong. (Str +2)
Your spells are a little easier to cast, but a little less powerful.


Message History

The killer bee stings you but does no damage.
The killer bee stings you! The killer bee closely misses you.
The killer bee misses you.
You take 12 damage, and have 33/86 hp.
Unknown command.
You barely miss the killer bee.
You feel sick. The killer bee misses you. The killer bee stings you.
The killer bee stings you!
* * * LOW HITPOINT WARNING * * *
The killer bee barely misses you. x2; The killer bee misses you.
You take 10 damage, and have 23/86 hp.
Unknown command.
You barely miss the killer bee. The killer bee barely misses you. x2
The killer bee misses you. The killer bee closely misses you.
The killer bee barely misses you.
The killer bee stings you but does no damage.
The killer bee barely misses you.
Unknown command.
Really quaff
q - a potion of lignification {!q}?
Okay, then.
Really quaff
q - a potion of lignification {!q}?
You turn into a tree.
Your +0 cloak melds into your body.
Your +0 helmet melds into your body.
Your +0 pair of boots melds into your body.
Your +0 leather armour melds into your body.
Your roots penetrate the ground.
You feel sick.
The killer bee stings you but does no damage. x5
The killer bee stings you.
* * * LOW HITPOINT WARNING * * *
The killer bee stings you but does no damage. x2
You now have 31/129 hp.
Unknown command.
Unknown command.
You slash the killer bee!
You kill the killer bee!
The killer bee stings you but does no damage. x3
The killer bee stings you.
* * * LOW HITPOINT WARNING * * *
The killer bee stings you but does no damage.
You can now stomp with the beat.
You take 3 damage, and have 28/129 hp.
You slash the killer bee!
The killer bee stings you but does no damage.
The killer bee stings you.
* * * LOW HITPOINT WARNING * * *
The killer bee stings you but does no damage.
The killer bee barely misses you.
The killer bee stings you but does no damage.
You take 5 damage, and have 23/129 hp.
Unknown command.
You hit the killer bee.
You kill the killer bee!
You feel sick. The killer bee stings you.
* * * LOW HITPOINT WARNING * * *
The killer bee stings you but does no damage. x2
You take 2 damage, and have 21/129 hp.
Unknown command.
You hit the killer bee. The killer bee stings you.
* * * LOW HITPOINT WARNING * * *
The killer bee stings you but does no damage. x3
You can now pass through a line of other dancers.
You take 1 damage, and have 20/129 hp.
You hit the killer bee but do no damage.
You feel sick.
The killer bee stings you but does no damage.
The killer bee stings you.
* * * LOW HITPOINT WARNING * * *
The killer bee stings you.
* * * LOW HITPOINT WARNING * * *
You take 9 damage, and have 11/129 hp.
Unknown command.
You cannot move.
You miss the killer bee.
The killer bee stings you but does no damage. x3
The killer bee stings you.
* * * LOW HITPOINT WARNING * * *
You take 1 damage, and have 10/129 hp.
Unknown command.
It was a potion of brilliance.
You feel clever all of a sudden.
The killer bee stings you but does no damage. x4
It was a potion of mutation.
You feel extremely strange.
You feel stronger.
You feel clever.
Your connection to magic feels subdued.
You feel resistant to hostile enchantments.
You feel sick.
The killer bee stings you but does no damage.
The killer bee stings you.
* * * LOW HITPOINT WARNING * * *
The killer bee stings you but does no damage. x2
You can no longer pass through a line of other dancers.
You take 7 damage, and have 3/129 hp.
It was a potion of cancellation.
Your magical effects are unravelling.
You feel magically purged.
You feel less wooden.
Your +0 cloak unmelds from your body.
Your +0 helmet unmelds from your body.
Your +0 pair of boots unmelds from your body.
Your +0 leather armour unmelds from your body.
You feel a little less clever now. The killer bee stings you!
You die...

#.# #. .# #. #.. #.#
#.#.# #. #.#
#.####.#.## #. #.#
#.. ..... #. #.#
#.####.#.# #. #.#
#....#.#.# #. #.#
#.##.#...# #.
#>####.##.##..# ####.
#..y@y).[....)###....
####÷)()((((.......#.
#(....)).(..†.....
#(..#####..##.###.
#...# #..##.# #.
#(... ....##.# #.
#..........##.# #.
#...####.#.##(# #.
#.... ..#. #.# #.


You could see 2 killer bees.

Vanquished Creatures
  Pikel (D:4)
  A gargoyle (D:7)
  A hippogriff (D:5)
  Menkaure (D:6)
  Duvessa (D:4)
  3 orc warriors
  2 phantoms
  2 slaves (D:4)
  3 ice beasts (D:6)
  5 ogres
  3 sky beasts
  2 wolves (D:6)
  2 centaurs
  A bullfrog (D:4)
  A wyvern zombie (D:6)
  3 gnoll sergeants (D:6)
  Dowan (D:4)
  9 killer bees (D:7)
  An electric eel (D:6)
  2 gnoll shamans (D:6)
  Crazy Yiuf (D:4)
  3 orc priests
  11 hounds
  2 iguanas (D:6)
  4 jellies
  3 orc wizards
  3 worker ants
  4 hound skeletons
  A worker ant zombie (D:7)
  20 gnolls (D:6)
  16 adders
  2 howler monkey skeletons (D:6)
  A shadow imp (D:6)
  11 oozes
  2 worms
  2 dart slugs (D:1)
  4 leopard geckos
  21 orcs
  4 ball pythons
  17 bats
  14 giant cockroaches
  8 goblins
  11 hobgoblins
  30 jackals
  4 quokkas
  8 frilled lizards
  9 kobolds
  10 rats
  2 fungi (D:4)
273 creatures vanquished.

Vanquished Creatures (others)
  2 slaves
  A killer bee (D:7)
  2 orc wizards (D:7)
  3 orcs
  2 giant cockroaches (D:5)
10 creatures vanquished.

Grand Total: 283 creatures vanquished

Notes
Turn   | Place    | Note
-------+----------+-------------------------------------------
     0 | D:1      | Gorglomux the Merfolk Gladiator began the quest for the Orb.
     0 | D:1      | Reached XP level 1. HP: 16/16 MP: 1/1
   191 | D:1      | Reached XP level 2. HP: 22/23 MP: 2/2
   261 | D:1      | Reached skill level 5 in Polearms
   385 | D:1      | Reached skill level 3 in Fighting
   385 | D:1      | Reached XP level 3. HP: 29/29 MP: 3/3
  1222 | D:2      | Reached XP level 4. HP: 35/35 MP: 4/4
  1232 | D:2      | Found a hide-covered altar of Uskayaw.
  1240 | D:2      | Became a worshipper of Uskayaw the Reveler
  1277 | D:2      | Reached * piety under Uskayaw
  1311 | D:2      | Reached skill level 6 in Polearms
  1405 | D:2      | Reached skill level 4 in Fighting
  1471 | D:2      | Gorglomux: !log * mfgl win god = usk
  1471 | D:2      | beem: No games for * (mfgl win god= usk).
  1471 | D:2      | Gorglomux: !log * mfgl win god=usk
  1471 | D:2      | beem: 4. caec, XL27 MfGl, T:229841: http://crawl.berotato.org/crawl/morgue/caec/morgue-caec-20161211-202003.txt
  1729 | D:3      | Reached XP level 5. HP: 39/42 MP: 5/5
  1731 | D:3      | Reached ** piety under Uskayaw
  2105 | D:3      | Found a glowing drain.
  2112 | D:3      | Reached skill level 7 in Polearms
  2134 | Sewer    | Entered a sewer
  2262 | Sewer    | Reached *** piety under Uskayaw
  2265 | Sewer    | Reached skill level 5 in Fighting
  2273 | Sewer    | Reached XP level 6. HP: 41/51 MP: 6/6
  2273 | Sewer    | Reached **** piety under Uskayaw
  3128 | D:4      | Got a polished hunting sling
  3129 | D:4      | Identified the +9 hunting sling "Nourisse" {venom, rF+} (You found it on level 4 of the Dungeon)
  3253 | D:1      | Reached skill level 8 in Polearms
  3606 | D:4      | Found Beawoi's Armour Boutique.
  3640 | D:4      | Reached XP level 7. HP: 57/57 MP: 7/7
  3646 | D:4      | Reached skill level 6 in Fighting
  3651 | D:4      | Noticed Duvessa
  3651 | D:4      | Reached ***** piety under Uskayaw
  3658 | D:4      | Killed Duvessa
  3658 | D:4      | Reached skill level 9 in Polearms
  3659 | D:4      | Noticed Dowan
  3665 | D:4      | Killed Dowan
  3824 | D:4      | Found a radiant altar of Vehumet.
  3981 | D:4      | Noticed Pikel
  3999 | D:4      | Killed Pikel
  3999 | D:4      | Reached skill level 7 in Fighting
  3999 | D:4      | Reached skill level 10 in Polearms
  3999 | D:4      | Reached skill level 3 in Throwing
  3999 | D:4      | Reached XP level 8. HP: 67/67 MP: 8/8
  4254 | D:4      | Found a staircase to the Ecumenical Temple.
  4501 | D:4      | Reached skill level 4 in Throwing
  4686 | D:4      | Found a runed door.
  4692 | D:4      | Noticed Crazy Yiuf
  4695 | D:4      | Killed Crazy Yiuf
  4736 | D:5      | Entered Level 5 of the Dungeon
  4802 | D:5      | Noticed a hippogriff
  4818 | D:5      | Killed a hippogriff
  4818 | D:5      | Reached skill level 8 in Fighting
  4818 | D:5      | Reached skill level 11 in Polearms
  4818 | D:5      | Reached XP level 9. HP: 60/74 MP: 9/9
  4929 | D:5      | Found a bloodstained altar of Trog.
  5045 | D:5      | Reached skill level 5 in Throwing
  5454 | D:6      | Noticed Menkaure
  5459 | D:6      | Killed Menkaure
  5483 | D:6      | Reached skill level 1 in Slings
  5573 | D:6      | Reached skill level 2 in Slings
  5575 | D:6      | Reached skill level 9 in Fighting
  5683 | D:6      | Reached skill level 12 in Polearms
  5876 | D:6      | HP: 19/76 [orc warrior/tomahawk (18)]
  5877 | D:6      | HP: 6/76 [orc warrior/tomahawk (13)]
  6320 | D:6      | Reached skill level 3 in Slings
  6490 | D:6      | Reached XP level 10. HP: 83/83 MP: 10/10
  6702 | D:6      | Reached skill level 4 in Slings
  7191 | D:6      | Reached skill level 10 in Fighting
  7311 | D:6      | Found a hazy altar of Hepliaklqana.
  7318 | D:6      | Found a sparkling altar of Nemelex Xobeh.
  7323 | D:6      | Found a shattered altar of Ashenzari.
  7334 | D:6      | Found an iron altar of Okawaru.
  7345 | D:6      | Found a deep blue altar of Sif Muna.
  7352 | D:6      | Found a basalt altar of Yredelemnul.
  7357 | D:6      | Found a glowing golden altar of the Shining One.
  7400 | D:6      | Found a shimmering altar of Xom.
  7401 | D:6      | Found a shimmering altar of Xom.
  7403 | D:6      | Found a shimmering altar of Xom.
  7528 | D:6      | Found an opulent altar of Gozag.
  7864 | D:7      | Reached skill level 13 in Polearms
  7868 | D:7      | Found a burning altar of Makhleb.
  8004 | D:7      | Noticed a gargoyle
  8014 | D:7      | Killed a gargoyle
  8635 | D:7      | HP: 31/129 [killer bee (2)]
  8640 | D:7      | HP: 19/129 [poisoned by a killer bee]
  8643 | D:7      | Gained mutation: Your muscles are strong. (Str +2) [potion of mutation]
  8643 | D:7      | Gained mutation: Your mind is acute. (Int +2) [potion of mutation]
  8643 | D:7      | Gained mutation: Your spells are a little easier to cast, but a little less powerful. [potion of mutation]
  8643 | D:7      | Gained mutation: You are resistant to hostile enchantments. (MR+) [potion of mutation]
  8643 | D:7      | HP: 9/129 [poisoned by a killer bee]
  8643 | D:7      | HP: 3/129 [killer bee (6)]
  8644 | D:7      | Slain by a killer bee

Vault maps used:
D:1:      elethiomel_arrival_infinity_welcomes_careful_drivers,
          hangedman_decor_push
D:2:      lemuel_crystal_altar, kennysheep_generic_room_5
D:3:      portal_sewer_entry_f
D:4:      vehumet_crystals, temple_hall, first_bread, serial_shops, shop,
          uniq_crazy_yiuf_cottage, uniq_pikel, uniq_duvessa
D:5:      nicolae_overflow_crystal_walls
D:6:      nicolae_overflow_hidden_temple, grunt_temple_overflow_octagram,
          serial_gnoll_camp, gnoll_camp_mini_hut, gnoll_camp_mini_basic,
          gnoll_camp_huts_moat, gnoll_camp_mini_doghouse, xom_redecorated,
          uniq_menkaure
D:7:      lemuel_doored_altar
Sewer:    sewer_fruit_machine

Skill      XL: |  1  2  3  4  5  6  7  8  9 10 |
---------------+-------------------------------+-----
Polearms       | 5 6 7 8 10 11 12 13 | 13.3
Fighting       | 3 4 5 7 8 9 10 | 10.5
Throwing       | 3 4 5 |  5.1
Slings         | 3 4 |  4.9
Dodging        | |  4.0

Action                   |  1- 3 |  4- 6 |  7- 9 | 10-12 || total
-------------------------+-------+-------+-------+-------++-------
Melee: Trident           |   101 |   299 |    33 |    31 ||   464
       Tailslap          |       |     5 |       |       ||     5
       Halberd           |       |       |       |    66 ||    66
 Fire: Hunting sling     |       |     9 |   225 |    79 ||   313
Throw: Javelin           |       |       |     9 |    14 ||    23
Invok: Line Pass         |       |     1 |       |     3 ||     4
       Stomp             |       |     1 |       |     1 ||     2
  Use: Scroll            |       |    10 |       |       ||    10
       Potion            |       |       |       |     4 ||     4
 Stab: Distracted        |     2 |     1 |       |       ||     3
       Sleeping          |     1 |     6 |       |       ||     7
       Paralysed         |       |     1 |       |     3 ||     4
       Confused          |       |       |       |     2 ||     2
  Eat: Chunk             |     1 |    23 |     9 |     5 ||    38
Armor: Leather armour    |    15 |    51 |     6 |    19 ||    91
       Skin              |       |       |       |    30 ||    30
Dodge: Dodged            |    73 |   183 |    45 |    84 ||   385

Vault maps used:
D:1:      elethiomel_arrival_infinity_welcomes_careful_drivers,
          hangedman_decor_push
D:2:      lemuel_crystal_altar, kennysheep_generic_room_5
D:3:      portal_sewer_entry_f
D:4:      vehumet_crystals, temple_hall, first_bread, serial_shops, shop,
          uniq_crazy_yiuf_cottage, uniq_pikel, uniq_duvessa
D:5:      nicolae_overflow_crystal_walls
D:6:      nicolae_overflow_hidden_temple, grunt_temple_overflow_octagram,
          serial_gnoll_camp, gnoll_camp_mini_hut, gnoll_camp_mini_basic,
          gnoll_camp_huts_moat, gnoll_camp_mini_doghouse, xom_redecorated,
          uniq_menkaure
D:7:      lemuel_doored_altar
Sewer:    sewer_fruit_machine

Table legend:
 A = Turns spent in this place as a percentage of turns spent in the entire game.
 B = Non-inter-level travel turns spent in this place as a percentage of non-inter-level travel turns spent in the entire game.
 C = Inter-level travel turns spent in this place as a percentage of turns spent in this place.
 D = Turns resting spent in this place as a percentage of non-inter-level travel turns spent in this place.
 E = Turns spent auto-exploring this place as a percentage of non-inter-level travel turns spent in this place.
 F = Non-inter-level travel turns spent in this place divided by the number of levels of this place that you've seen.
                   A       B       C       D       E      F
               +-------+-------+-------+-------+-------+----------------------
         Total | 100.0 | 100.0 |   0.5 |   1.4 |   9.1 | 372.6
       Dungeon |  92.0 |  91.9 |   0.5 |   1.6 |   9.3 | 391.4
         Sewer |   8.0 |   8.1 |   0.0 |   0.0 |   7.5 | 241.0
               +-------+-------+-------+-------+-------+----------------------

Table legend:
 A = Kills in this place as a percentage of kills in entire the game.
 B = Kills by you in this place as a percentage of kills by you in the entire game.
 C = Kills by friends in this place as a percentage of kills by friends in the entire game.
 D = Other kills in this place as a percentage of other kills in the entire game.
 E = Experience gained in this place as a percentage of experience gained in the entire game.
 F = Experience gained in this place divided by the number of levels of this place that you have seen.
                   A       B       C       D       E      F
               +-------+-------+-------+-------+-------+----------------------
         Total | 100.0 | 100.0 |  -nan |  -nan | 100.0 | 907.5
       Dungeon |  91.4 |  91.4 |  -nan |  -nan |  99.1 | 1027.6
         Sewer |   8.6 |   8.6 |  -nan |  -nan |   0.9 |  67.0
               +-------+-------+-------+-------+-------+----------------------
